 Dungeon Crawl Stone Soup version 0.29-a0-243-g602b31c20e (webtiles) character file.

Game seed: 5412206728913129647

194 Anon1729 the Sneak (level 5, 0/45 HPs)
             Began as a Demigod Brigand on Mar 4, 2022.
             Slain by an orc wizard
             ... wielding a +1 dagger of speed
              (2 damage)
             ... on level 4 of the Dungeon.
             The game lasted 00:03:56 (3200 turns).

Anon1729 the Sneak (Demigod Brigand)                Turns: 3200, Time: 00:03:57

Health: 0/45       AC:  3    Str: 12    XL:     5   Next: 20%
Magic:  7/7        EV: 17    Int: 13    God:
Gold:   196        SH:  0    Dex: 19    Spells: 4/4 levels left

rFire   . . .      SeeInvis +   a - +2 dagger
rCold   . . .      Faith    .   (no shield)
rNeg    . . .      Spirit   .   b - +0 robe
rPois   .          Reflect  .   (no helmet)
rElec   .          Harm     .   c - +0 cloak
rCorr   .          Rampage  .   (no gloves)
Will    .....                   (no boots)
Stlth   +.........              (no amulet)
HPRegen 0.15/turn               g - +4 ring of evasion
MPRegen 0.10/turn               k - ring of see invisible

@: confused, ambrosia-drunk, attractive, flying, hasted, very quick
A: high MP 1, forlorn, divine attributes
a: no special abilities


You were on level 4 of the Dungeon.
You visited 1 branch of the dungeon, and saw 4 of its levels.

You collected 196 gold pieces.

Inventory:

Hand Weapons
 a - a +2 dagger (weapon)
 t - a +0 short sword of venom
Missiles
 d - 13 poisoned darts
 e - 2 curare-tipped darts (quivered)
 r - a throwing net
Armour
 b - a +0 robe (worn)
 c - a +0 cloak (worn)
 i - a +0 buckler
Jewellery
 g - a +4 ring of evasion (left hand)
 k - a ring of see invisible (right hand)
Scrolls
 h - a scroll of silence {unknown}
 j - a scroll of teleportation {unknown}
 m - a scroll of magic mapping {unknown}
 q - a scroll of torment {unknown}
 u - a scroll of fog {unknown}
 v - a scroll of noise {unknown}
Potions
 f - a potion of attraction
 p - a potion of haste
 w - a potion of might {unknown}


   Skills:
 + Level 3.0 Fighting
 - Level 1.7(2.2) Short Blades
 + Level 2.0(2.4) Long Blades
 - Level 1.7 Throwing
 + Level 2.4 Dodging
 + Level 4.5 Stealth


You had 4 spell levels left.
You didn't know any spells.
Your spell library contained the following spells:

 Spells                   Type           Power      Damage    Failure   Level
 Static Discharge         Conj/Air       0%         N/A       43%         2
 Lightning Bolt           Conj/Air       0%         1d11      100%        5
 Borgnjor's Revivificati  Necr           0%         N/A       100%        8
 Maxwell's Capacitive Co  Air            0%         ∞         100%        8
 Necromutation            Tmut/Necr      0%         N/A       100%        8
 Death's Door             Necr           0%         N/A       100%        9


Dungeon Overview and Level Annotations

Branches:
Dungeon (4/15)
 Temple: D:4-7

Shops:
D:2 :

Annotations:
D:3 2 transporters, Anon1729's ghost, amateur DgBr


Innate Abilities, Weirdness & Mutations

You have an increased reservoir of magic. (+10% MP)
You shall have no god before yourself.
Your divine heritage dramatically boosts your attributes as you level up.


Message History

* * * LOW HITPOINT WARNING * * *
The orc wizard barely misses you.
You feel less confused.
The orc wizard gestures at you while chanting.
You are confused.
It was a potion of attraction.
You feel attractive to monsters. The orc wizard casts a spell at you.
The magic dart hits the orc wizard.
The orc wizard casts a spell at you. The puff of flame hits you!
* * * LOW HITPOINT WARNING * * *
It was a potion of haste.
You feel yourself speed up. The orc wizard misses you.
The orc wizard completely misses you.
The orc throws a boomerang.
The boomerang barely misses the orc wizard.
The boomerang closely misses you.
You feel much better. The orc is attracted toward you. x2
You bump into the rock wall.
The orc hits you with a +1 vorpal hand axe.
The orc wizard hits you with a +0 dagger.
You hit the orc but do no damage. The orc wizard barely misses you.
It was a potion of ambrosia.
You are more confused.
You feel invigorated. The orc misses you. The orc wizard closely misses you.
The orc wizard hits you but does no damage.
It was a potion of magic.
Magic courses through your body. The orc wizard closely misses you.
The orc hits you with a +1 vorpal hand axe.
* * * LOW HITPOINT WARNING * * *
x2 The orc wizard gestures at you while chanting.
The puff of flame hits you!
* * * LOW HITPOINT WARNING * * *
It was a potion of flight.
You feel very buoyant.
You fly up into the air.
The orc wizard hits you with a +1 dagger of speed.
* * * LOW HITPOINT WARNING * * *
The orc wizard hits you with a +1 dagger of speed.
You die...

#.#########.#
#.# #.# #<# #.#
#.# #.# ## #.#
## #.# .. #..
.. #.# .# ###
#####.#.# .#
........####.##
.###.....@oo§.#
.....(...ooo..#
####.########.#
## #


You could see 2 orc wizards and 3 orcs.

Vanquished Creatures
  An orc priest (D:3)
  An orc wizard (D:3)
  5 adders
  A worm (D:2)
  2 dart slugs (D:2)
  3 orcs (D:3)
  6 endoplasms
  4 giant cockroaches
  8 goblins
  A hobgoblin (D:1)
  6 jackals
  9 kobolds
  9 quokkas
  8 ball pythons
  7 bats
  6 frilled lizards
  7 rats
84 creatures vanquished.

Notes
Turn   | Place    | Note
-------+----------+-------------------------------------------
     0 | D:1      | Anon1729 the Demigod Brigand began the quest for the Orb.
     0 | D:1      | Reached XP level 1. HP: 17/17 MP: 3/3
    56 | D:1      | Reached skill level 1 in Dodging
   400 | D:1      | Reached XP level 2. HP: 24/24 MP: 4/4
   782 | D:1      | Reached XP level 3. HP: 27/29 MP: 5/5
   995 | D:2      | Reached skill level 1 in Long Blades
  1126 | D:2      | Reached skill level 4 in Stealth
  1676 | D:2      | Found Wafuu's Book Shoppe.
  2153 | D:3      | Reached XP level 4. HP: 37/37 MP: 6/6
  2194 | D:3      | Found a transporter.
  2196 | D:3      | Found a transporter.
  2196 | D:3      | Identified the +6 dire flail of Raish {venom, rElec}
  2196 | D:3      | Noticed an ogre
  2197 | D:3      | Noticed Anon1729's ghost (amateur DgBr)
  2197 | D:3      | Noticed an ogre
  2680 | D:3      | Reached XP level 5. HP: 44/44 MP: 7/7
  3200 | D:4      | HP: 2/45 [orc wizard/+1 dagger of speed (3)]
  3200 | D:4      | Slain by an orc wizard

Illustrated notes

Levels and vault maps discovered:
D:1:      roderic_dead_forest, layout_loops_ring, minmay_tromino_i2
D:2:      wad_crossroads, layout_rooms, serial_shops,
          nicolae_shop_temple_entry_statues_fountains,
          shapermc_ecumenical_altar_ellora
D:3:      minmay_diamond_boxcup, layout_basic, portal_sewer_entry_f,
          gammafunk_ghost_smash, corexii_leaking_fountain
D:4:      layout_loops_ring, nicolae_overflow_hidden_temple,
          minmay_misc_feat_diagonals, uniq_crazy_yiuf_cottage

Skill      XL: |  1  2  3  4  5 |
---------------+----------------+-----
Dodging        | 1 2 |  2.4
Fighting       | 2 3 |  3.0
Long Blades    | 1 2 |  2.0
Stealth        | 4 |  4.5
Short Blades   | |  1.7
Throwing       | |  1.7

Action                   |  1- 3 |  4- 6 || total
-------------------------+-------+-------++-------
Melee: Dagger            |   184 |   105 ||   289
       Punch             |     3 |     2 ||     5
Throw: Dart              |       |     8 ||     8
  Use: Potion            |       |     8 ||     8
 Stab: Sleeping          |    18 |     8 ||    26
Armor: Robe              |    23 |    12 ||    35
Dodge: Dodged            |   131 |    82 ||   213

Table legend: (Time is in decaauts)
 A = Elapsed time spent in this place.
 B = Non-inter-level travel time spent in this place.
 C = Inter-level travel time spent in this place.
 D = Time resting spent in this place.
 E = Time spent auto-exploring this place.
 F = Levels seen in this place.
 G = Mean time per level.
                   A        B        C        D        E       F      G
               +--------+--------+--------+--------+--------+-----+--------+
         Total |   3175 |   3081 |     94 |      0 |   2406 |   4 |  793.8 |
       Dungeon |   3175 |   3081 |     94 |      0 |   2406 |   4 |  793.8 |
               +--------+--------+--------+--------+--------+-----+--------+

Top non-repeatable levels by time:
     D:3: 1029 daAuts
     D:1: 980 daAuts
     D:2: 896 daAuts
     D:4: 269 daAuts
